 Dungeon Crawl Stone Soup version 0.29.0-13-gc9e81de378 (webtiles) character file.

Game seed: 6241247018030501461

111 Ofeo the Digger (level 5, 0/38 HPs)
             Began as a Meteoran Earth Elementalist on Sept 10, 2022.
             Slain by an ice beast (10 damage)
             ... on level 5 of the Dungeon.
             The game lasted 00:03:45 (399 turns).

Ofeo the Digger (Meteoran Earth Elementalist)        Turns: 399, Time: 00:03:46

Health: 0/38       AC:  3    Str:  9    XL:     5   Next: 39%
Magic:  7/11       EV: 13    Int: 18    God:
Gold:   34         SH:  0    Dex: 15    Spells: 8/11 levels left

rFire   . . .      SeeInvis .   (no weapon)
rCold   . . .      Faith    .   (no shield)
rNeg    . . .      Spirit   .   a - +0 robe
rPois   .          Reflect  .   (no helmet)
rElec   .          Harm     .   (no cloak)
rCorr   .          Rampage  .   (no gloves)
Will    +....                   d - +0 pair of boots
Stlth   +.........              (no amulet)
HPRegen 0.12/turn               f - ring of willpower
MPRegen 0.12/turn               (no ring)

@: mighty, glowing
A: sense surroundings 1, otherworldly, glowing, explore regen
a: no special abilities


You were on level 5 of the Dungeon.
You visited 1 branch of the dungeon, and saw 5 of its levels.

You collected 34 gold pieces.

Inventory:

Armour
 a - a +0 robe (worn)
 d - a +0 pair of boots (worn)
Jewellery
 f - a ring of willpower (left hand)
Scrolls
 c - 4 scrolls of teleportation {unknown}
 e - a scroll of amnesia {unknown}
 g - 2 scrolls of noise {unknown}
 h - a scroll of blinking {unknown}
 i - a scroll of vulnerability {unknown}
 k - 2 scrolls of identify {unknown}
Potions
 b - a potion of magic
 l - a potion of attraction {unknown}
 m - 2 potions of heal wounds {unknown}


   Skills:
 + Level 3.4 Dodging
 + Level 2.1 Stealth
 + Level 3.6 Spellcasting
 + Level 2.5 Transmutations
 + Level 4.3 Earth Magic


You had 8 spell levels left.
You knew the following spells:

 Your Spells              Type           Power      Damage    Failure   Level
a - Sandblast             Erth           38%        2d10      2%          1
b - Passwall              Tmut/Erth      12%        N/A       5%          2

Your spell library contained the following spells:

 Spells                   Type           Power      Damage    Failure   Level
 Stone Arrow              Conj/Erth      22%        3d8       19%         3
 Petrify                  Tmut/Erth      15%        N/A       36%         4


Dungeon Overview and Level Annotations

Branches:
Dungeon (5/15) Zot: 2583
 Temple: D:4-7

Altars:


Innate Abilities, Weirdness & Mutations

You passively map a small area around you.
You are easily found by Zot.
You glow in the dark.
You regain HP and MP as you explore.


Message History

Casting: Sandblast (safe; 2% risk of failure)
Confirm with . or Enter, or press ? or * to list all spells.
Aiming: Sandblast (safe; 2% risk of failure)
Press: ? - help, Shift-Dir - straight line, f/p - ice beast
Aim: an ice beast (moderately wounded, 82% to hit)
The blast of sand hits the ice beast.
The ice beast is moderately wounded.
The ice beast closely misses you.
You hit the ice beast.
The ice beast is heavily wounded.
The ice beast misses you.
You closely miss the ice beast.
The ice beast is heavily wounded.
The ice beast misses you.
You hit the ice beast but do no damage.
The ice beast is heavily wounded.
The ice beast hits you. The ice beast freezes you!
You take 16 damage, and have 19/38 hp.
MASSIVE DAMAGE!!
Casting: Sandblast (safe; 2% risk of failure)
Confirm with . or Enter, or press ? or * to list all spells.
Aiming: Sandblast (safe; 2% risk of failure)
Press: ? - help, Shift-Dir - straight line, f/p - ice beast
Aim: an ice beast (heavily wounded, 82% to hit)
The blast of sand hits the ice beast.
The ice beast is heavily wounded.
The ice beast closely misses you. The ice beast hits you.
The ice beast freezes you.
You take 6 damage, and have 13/38 hp.
You now have 8/11 mp.
Casting: Sandblast (safe; 2% risk of failure)
Confirm with . or Enter, or press ? or * to list all spells.
Aiming: Sandblast (safe; 2% risk of failure)
Press: ? - help, Shift-Dir - straight line, f/p - ice beast
Aim: an ice beast (heavily wounded, 82% to hit)
The blast of sand hits the ice beast.
The ice beast is heavily wounded.
The ice beast hits you.
* * * LOW HITPOINT WARNING * * *
The ice beast freezes you!
You die...

* ........#* *
........# ........#
, , .......w# * * ,
........# * ,
........# ,,, ,
........## ,
######...###### ,
..$...#.wY@..###
......######...####
, ....... ###....#
, .......
##...#####.
.......** **
#......... ,
.......,* ,,,
#.#.#####. , ,* #.
#.#.# ** , #.##.#.#
, , * , #.##.#.# *,
,


You could see an ice beast and a dart slug.

Vanquished Creatures
  A phantom (D:4)
  An adder (D:5)
  A white imp (D:5)
  A dart slug (D:4)
  An orc (D:5)
  2 giant cockroaches
  2 goblins
  2 hobgoblins
  2 kobolds
  A rat (D:2)
14 creatures vanquished.

Notes
Turn   | Place    | Note
-------+----------+-------------------------------------------
     0 | D:1      | Ofeo the Meteoran Earth Elementalist began the quest for
                  | the Orb.
     0 | D:1      | Reached XP level 1. HP: 14/14 MP: 5/5
   100 | D:2      | Reached XP level 2. HP: 20/20 MP: 2/6
   104 | D:2      | Learned a level 2 spell: Passwall
   176 | D:5      | Entered Level 5 of the Dungeon
   212 | D:4      | Noticed a phantom
   221 | D:4      | Killed a phantom
   222 | D:4      | Reached skill level 4 in Earth Magic
   222 | D:4      | Reached XP level 3. HP: 23/26 MP: 0/9
   222 | D:4      | Reached XP level 4. HP: 29/33 MP: 0/10
   222 | D:4      | Reached XP level 5. HP: 33/38 MP: 0/11
   385 | D:5      | Noticed an ice beast
   399 | D:5      | Slain by an ice beast

Illustrated notes

Levels and vault maps discovered:
D:1:      roderic_crossed_star, layout_basic
D:2:      layout_basic, hellmonk_ecumenical_altar_heavens_door
D:3:      minmay_general_purpose_star, layout_basic
D:4:      layout_basic, minmay_splitting_lines
D:5:      layout_basic, chequers_temple_overflow_statue_of_worship

Skill      XL: |  1  2 |
---------------+-------+-----
Dodging        | 3 |  3.4
Stealth        | 2 |  2.1
Spellcasting   | 3 |  3.6
Transmutations | 2 |  2.5
Earth Magic    | 4 |  4.3

Action                   |  1- 3 |  4- 6 || total
-------------------------+-------+-------++-------
Melee: Unarmed           |     1 |     3 ||     4
 Cast: Sandblast         |    20 |    15 ||    35
       Passwall          |       |     2 ||     2
  Use: Potion            |       |     1 ||     1
Armor: Robe              |     2 |     5 ||     7
Dodge: Dodged            |     8 |     5 ||    13
